Map: Backcountry

Players

Soundwave

  • Race: Zerg Zerg
  • League: Gold
  • Spawn Location: 11:00

max

  • Race: Protoss Protoss
  • Spawn Location: 11:00

Warrior

  • Race: Protoss Protoss
  • Spawn Location: 9:00

Xen

  • Race: Terran Terran
  • Spawn Location: 5:00

REYF

  • Race: Terran Terran
  • Spawn Location: 5:00

Zeratul

  • Race: Protoss Protoss
  • Spawn Location: 5:00

VOD

Have the link to the VOD?

Description

Time

  • Played on: Nov. 18, 2015, 5:12 a.m.
  • Length: 16:49
Show
View Real Time Build Order
Export as new Build Order

Soundwave Zerg 

Build Orders: Hatch First 

Get SALT Encoding   

  12  0:01  Drone  
  13  0:08  Drone  
  14  0:20  Drone, Extractor x2  
  13  0:21  Drone  
  16  0:47  Hatchery  
  15  1:02  Spawning Pool  
  14  1:05  Overlord  
  14  1:25  Drone x3  
  17  1:37  Drone  
  18  1:48  Drone  
  18  1:50  Queen  
  21  1:58  Drone  
  22  2:04  Extractor  
  22  2:05  Queen  
  22  2:08  Overlord  
  23  2:13  Drone x2  
  25  2:19  Drone  
  26  2:32  Drone x3  
  29  2:41  Drone  
  29  2:42  Extractor  
  29  2:48  Drone  
  30  2:52  Drone  
  30  2:54  Drone  
  30  2:58  Drone  
  33  2:59  Drone  
  33  3:00  Drone  
  35  3:07  Overlord  
  35  3:08  Overlord  
  35  3:09  Metabolic Boost  
  35  3:21  Roach Warren  
  35  3:26  Queen  
  36  3:38  Lair  
  36  3:39  Drone x2  
  36  3:40  Drone x4  
  42  3:54  Evolution Chamber  
  42  3:55  Evolution Chamber  
  40  3:57  Drone x2  
  42  4:05  Zergling x10  
  47  4:14  Drone x2  
  49  4:19  Spine Crawler  
  49  4:21  Spine Crawler  
  47  4:40  Hydralisk Den  
  46  4:48  Infestation Pit  
  46  4:49  Spore Crawler  
  44  4:53  Drone x2  
  44  4:54  Drone x2  
  44  4:55  Spore Crawler  
  44  4:56  Zerg Ground Armor Level 1, Zerg Melee Weapons Level 1  
  45  5:10  Roach x3  
  48  5:23  Overlord x2  
  48  5:26  Hydralisk x2  
  52  5:41  Zergling x8  
  56  5:54  Hydralisk x3  
  56  5:55  Zergling x2  
  56  5:56  Zergling x8  
  59  6:20  Hydralisk  
  59  6:21  Hydralisk x2  
  65  6:36  Hydralisk  
  65  6:38  Zergling x2  
  65  6:39  Zergling x6  
  68  6:41  Overlord x5  
  58  6:54  Extractor  
  58  6:55  Extractor  
  58  6:56  Zergling x6  
  57  7:09  Zerg Missile Weapons Level 1  
  57  7:15  Drone x3  
  60  7:17  Drone  
  61  7:27  Hatchery  
  60  7:31  Hydralisk x2  
  64  7:39  Drone x2  
  64  7:43  Overseer  
  66  7:56  Hatchery  
  65  8:00  Hydralisk  
  65  8:01  Hydralisk x5  
  77  8:06  Muscular Augments  
  77  8:08  Zergling x2  
  77  8:09  Zergling x2  
  79  8:18  Zerg Melee Weapons Level 2  
  79  8:20  Zergling x10  
  79  8:21  Zergling x4  
  86  8:31  Hydralisk  
  86  8:32  Hydralisk  
  89  8:39  Spore Crawler  
  88  8:41  Overlord x3  
  88  8:44  Overseer  
  88  8:50  Hatchery  
  87  8:56  Drone x4  
  87  8:59  Spore Crawler  
  90  9:03  Spore Crawler  
  90  9:06  Hydralisk x5  
  98  9:38  Lurker Den  
  98  9:40  Hydralisk x3  
  98  9:41  Hydralisk x3  
  98  9:44  Overlord  
  110  9:47  Drone x2  
  110  9:50  Drone  
  110  9:52  Drone  
  114  10:06  Drone x4  
  114  10:07  Drone x2  
  120  10:33  Extractor  
  120  10:34  Extractor  
  118  10:35  Hydralisk  
  118  10:36  Hydralisk x5  
  118  10:40  Zerg Missile Weapons Level 2  
  115  11:02  Hydralisk x2  
  115  11:03  Hydralisk x6  
  85  11:33  Hydralisk x6  
  85  11:34  Hydralisk x2  
  81  11:54  Hydralisk  
  81  11:55  Hydralisk x4  
  81  11:56  Zergling x6  
  94  12:04  Queen  
  96  12:18  Zerg Ground Armor Level 2  
  96  12:23  Drone  
  96  12:24  Drone x2  
  96  12:26  Drone x3  
  102  12:44  Hatchery, Spire  
  102  12:48  Hydralisk x2  
  102  12:49  Hydralisk  
  102  12:50  Zergling x8  
  102  12:51  Zergling x14  
  114  12:52  Zergling x2  
  118  13:12  Overseer  
  118  13:13  Overseer x3  
  118  13:22  Hive  
  80  13:44  Extractor  
  77  13:48  Extractor  
  77  13:50  Hydralisk x4  
  77  13:51  Hydralisk x6  
  77  13:53  Zergling x2  
  94  14:12  Hydralisk x4  
  102  14:18  Queen  
  93  14:31  Hydralisk x2  
  93  14:32  Hydralisk x2  
  91  14:41  Corruptor x2  
  95  14:56  Mutalisk  
  95  14:57  Corruptor x2  
  101  15:13  Overlord x2  
  101  15:14  Overlord x3  
  101  15:16  Overseer  
  101  15:32  Corruptor x2  
  101  15:33  Corruptor  
  107  15:38  Zergling x4  
  107  15:39  Zergling x4  
  92  15:50  Corruptor x2  
  92  15:56  Corruptor  
  64  16:13  Corruptor  
  51  16:21  Hydralisk x2  
Show
View Real Time Build Order
Export as new Build Order

max Protoss 

Build Orders:  

Get SALT Encoding   

  12  0:03  Probe (Chrono Boost)  
  13  0:14  Probe (Chrono Boost)  
  14  0:22  Pylon  
  14  0:24  Probe (Chrono Boost)  
  15  0:43  Gateway, Probe (Chrono Boost)  
  16  0:54  Probe (Chrono Boost)  
  17  0:58  Assimilator  
  17  1:00  Gateway  
  17  1:05  Probe (Chrono Boost)  
  18  1:27  Pylon  
  18  1:35  Probe (Chrono Boost)  
  19  1:40  Cybernetics Core  
  19  1:43  Pylon  
  19  1:58  Probe (Chrono Boost)  
  19  2:00  Assimilator  
  20  2:06  Nexus  
  21  2:08  Probe (Chrono Boost)  
  21  2:13  Pylon  
  21  2:22  Warp Gate (Chrono Boost)  
  21  2:23  Probe (Chrono Boost)  
  22  2:39  Probe  
  22  2:40  Stalker  
  25  2:45  Adept  
  28  2:51  Probe  
  28  3:00  Pylon  
  28  3:02  Gateway  
  28  3:10  Stalker  
  30  3:21  Probe  
  30  3:25  Forge  
  31  3:28  Probe  
  31  3:31  Pylon  
  32  3:39  Probe  
  33  3:42  Probe  
  33  3:45  Stalker  
  36  3:51  Probe, Gateway  
  37  4:01  Probe  
  38  4:12  Probe  
  36  4:31  Protoss Ground Weapons Level 1 (Chrono Boost)  
  34  4:32  Probe  
  34  4:37  Stalker x2  
  39  4:43  Probe  
  40  4:53  Probe  
  41  5:03  Twilight Council  
  41  5:04  Probe  
  42  5:08  Gateway  
  42  5:11  Stalker x2  
  42  5:12  Stalker, Pylon  
  48  5:34  Stalker x2  
  48  5:36  Stalker  
  32  6:18  Stalker x3  
  32  6:24  Stalker  
  26  7:10  Pylon  
  26  7:11  Stalker x5  
  36  7:17  Nexus  
  36  7:50  Nexus  
  36  7:53  Pylon  
  36  7:56  Blink (Chrono Boost)  
  36  8:26  Stalker  
  36  8:27  Stalker x2  
  34  8:34  Stalker x3  
  34  8:35  Stalker  
  34  8:36  Probe  
  43  8:49  Probe  
  43  8:54  Stalker  
  46  8:59  Probe  
  47  9:10  Probe  
  47  9:15  Assimilator  
  48  9:20  Probe  
  48  9:22  Stalker  
  51  9:29  Protoss Ground Weapons Level 2 (Chrono Boost)  
  51  9:31  Probe  
  52  9:41  Assimilator  
  52  9:42  Probe  
  53  9:52  Probe  
  53  9:54  Stalker  
  53  9:57  Pylon  
  56  10:15  Nexus  
  56  10:20  Photon Cannon  
  56  10:30  Stalker  
  56  10:31  Stalker x4  
  39  11:09  Stalker  
  33  11:17  Stalker x4  
  33  11:18  Stalker  
  41  11:26  Pylon  
  37  11:47  Stalker x2  
  37  11:48  Stalker x3  
  43  11:57  Probe  
  40  12:24  Nexus  
  40  12:26  Stalker x3  
  46  12:39  Pylon  
  46  12:49  Protoss Shields Level 1 (Chrono Boost)  
  46  12:53  Pylon  
  46  13:03  Robotics Facility  
  46  13:08  Stalker  
  46  13:09  Stalker  
  46  13:10  Photon Cannon  
  35  13:35  Stalker  
  35  13:40  Probe  
  36  13:57  Observer (Chrono Boost)  
  36  14:02  Probe  
  37  14:06  Probe  
  39  14:13  Probe  
  39  14:16  Probe  
  39  14:37  Probe  
  39  14:38  Probe  
  25  14:40  Stalker  
  27  14:47  Probe  
  27  14:48  Probe  
  29  14:58  Probe  
  29  14:59  Probe  
  31  15:08  Probe  
  31  15:09  Probe  
  31  15:14  Stalker x2  
  37  15:25  Probe  
  38  15:34  Stalker x2  
  40  15:36  Probe  
  37  15:48  Zealot  
  37  15:49  Stalker x2  
  43  15:55  Probe  
  40  16:01  Assimilator  
  40  16:05  Probe  
  41  16:13  Stalker x3  
  47  16:31  Assimilator  
  47  16:34  Stalker x2  
Show
View Real Time Build Order
Export as new Build Order

Warrior Protoss 

Build Orders:  

Get SALT Encoding   

  12  0:02  Probe (Chrono Boost)  
  13  0:13  Probe (Chrono Boost)  
  14  0:23  Probe (Chrono Boost)  
  15  0:28  Assimilator  
  15  0:38  Pylon  
  15  0:41  Assimilator  
  15  0:55  Pylon  
  15  0:56  Probe (Chrono Boost)  
  16  1:45  Nexus  
  16  1:49  Gateway x2  
  16  2:13  Pylon  
  16  2:14  Pylon  
  16  2:15  Assimilator  
  16  2:20  Assimilator  
  16  2:21  Probe (Chrono Boost)  
  17  2:32  Probe (Chrono Boost)  
  18  2:39  Zealot (Chrono Boost)  
  18  2:40  Zealot (Chrono Boost)  
  18  2:42  Probe  
  23  2:58  Probe  
  24  3:09  Probe  
  25  3:18  Cybernetics Core, Forge  
  25  3:19  Probe  
  26  3:30  Probe  
  27  3:39  Probe  
  27  3:40  Probe  
  29  3:51  Probe x2  
  31  3:57  Warp Gate (Chrono Boost)  
  31  4:01  Adept  
  33  4:03  Probe  
  34  4:28  Adept  
  36  4:37  Probe  
  36  4:48  Probe  
  37  4:55  Pylon  
  37  4:58  Probe  
  37  5:00  Pylon  
  37  5:03  Pylon  
  37  5:04  Gateway  
  37  5:06  Gateway  
  38  5:07  Gateway  
  38  5:11  Gateway  
  38  5:12  Gateway  
  38  5:14  Gateway, Protoss Shields Level 1 (Chrono Boost)  
  24  6:07  Adept  
  24  6:08  Adept x3  
  24  6:09  Adept x4  
  20  7:06  Mothership Core, Twilight Council  
  22  7:09  Zealot  
  22  7:10  Zealot x3  
  30  7:49  Pylon  
  30  7:53  Pylon  
  30  7:55  Pylon  
  30  7:59  Pylon  
  30  8:12  Charge  
  30  8:22  Templar Archives  
  28  8:54  Protoss Shields Level 2 (Chrono Boost)  
  28  9:02  High Templar  
  30  9:03  High Templar x3  
  30  9:04  High Templar x2  
  30  9:08  Archon x3  
  40  9:48  Nexus  
  40  9:54  Assimilator  
  40  9:57  Assimilator  
  40  10:15  Pylon  
  40  10:18  Pylon  
  19  10:54  Pylon  
  19  10:56  Pylon  
  19  11:02  Pylon  
  19  11:06  Pylon  
  19  11:07  Stalker x2  
  19  11:08  Stalker  
  19  11:09  Pylon  
  25  11:16  Pylon  
  21  12:04  Nexus  
  21  12:07  Assimilator  
  21  12:11  Assimilator  
  21  12:21  Pylon  
  21  12:24  Pylon  
  21  13:33  Probe  
  21  13:39  High Templar x4  
  21  13:40  High Templar x3  
  21  13:41  High Templar  
  38  13:43  Probe, Archon x2  
  38  13:44  Archon  
  38  13:45  Archon  
  16  14:06  Probe  
  13  14:16  Probe  
  14  14:27  Probe  
  11  14:52  Probe  
  12  15:04  Probe  
  11  15:51  High Templar  
  11  15:53  High Templar  
  11  15:54  High Templar  
  11  15:56  High Templar  
  19  15:57  High Templar  
  19  16:02  Archon  
  19  16:03  Archon  
Show
View Real Time Build Order
Export as new Build Order

Xen Terran 

Build Orders: MMM Bio 

Get SALT Encoding   

  12  0:02  SCV  
  13  0:14  SCV  
  14  0:26  SCV  
  15  0:28  Supply Depot  
  15  0:37  Refinery  
  15  0:50  SCV  
  15  0:52  Barracks  
  16  1:02  SCV  
  17  1:11  Barracks  
  17  1:14  SCV  
  18  1:26  SCV  
  19  1:38  SCV  
  20  1:47  Factory  
  20  1:50  Orbital Command  
  20  1:58  Barracks Reactor  
  20  2:04  Supply Depot  
  20  2:19  SCV  
  21  2:27  Barracks Reactor  
  21  2:43  Hellion  
  21  2:44  Hellion, Barracks  
  25  2:47  Barracks Tech Lab  
  25  2:54  Supply Depot  
  25  3:05  Armory, Hellion x2  
  29  3:10  Marine x2  
  31  3:15  Marine  
  32  3:20  Supply Depot  
  32  3:28  Marine x2  
  32  3:33  Marine x2  
  36  3:43  Stimpack  
  36  3:45  Marine  
  36  3:46  Marine  
  38  3:50  Hellion  
  38  3:51  Marine x2  
  42  4:03  Marine  
  42  4:04  Marine  
  42  4:08  Marine  
  42  4:09  Marine  
  46  4:22  Supply Depot  
  46  4:26  Hellion x2  
  46  4:27  Supply Depot  
  46  4:29  Marauder  
  52  4:39  Supply Depot  
  52  4:50  Marauder  
  52  4:51  Marine x3  
  57  5:09  Marine x3  
  57  5:11  Marine  
  50  6:00  Marine x3, Marauder  
  55  6:18  Marine x3  
  55  6:21  Marauder  
  58  6:35  Marine  
  58  6:36  Marine x2  
  59  6:42  Marauder  
  61  6:53  Marine x2  
  61  6:54  Marine  
  51  7:03  Marine  
  52  7:10  Concussive Shells  
  52  7:11  Marine x2  
  55  7:21  Marine  
  56  7:26  Barracks Reactor, Starport  
  55  7:39  Marine  
  56  7:44  Command Center  
  56  7:52  Refinery  
  56  8:01  Combat Shields, Engineering Bay  
  56  8:05  Marauder  
  58  8:16  Medivac  
  58  8:17  Barracks Tech Lab  
  58  8:18  Engineering Bay  
  60  8:20  Medivac  
  60  8:26  Marine x3  
  65  8:43  Marine x2  
  65  8:44  Marine  
  68  8:56  Orbital Command  
  68  9:01  Terran Infantry Armor Level 1, Marine x2  
  70  9:06  Refinery  
  70  9:07  Refinery  
  70  9:11  Medivac  
  72  9:19  Marauder  
  72  9:22  Marine  
  72  9:24  Marine  
  76  9:39  Medivac  
  78  9:48  Terran Infantry Weapons Level 1  
  78  10:00  Medivac  
  80  10:12  Marine, Marauder x2  
  35  11:06  Marauder  
  35  11:07  Marine x2, Marauder  
  39  11:25  Marine x2  
  40  11:28  Marauder x2  
  41  11:48  Widow Mine x2  
  41  11:49  Marauder x2  
  49  12:02  SCV  
  50  12:11  Medivac x2, Marauder x2  
  50  12:14  SCV  
  59  12:21  Terran Infantry Armor Level 2  
  59  12:26  SCV  
  59  12:28  Terran Infantry Weapons Level 2  
  60  12:32  Marauder  
  60  12:34  Marine  
  60  12:35  Marine x2  
  65  12:52  Marine  
  66  13:00  Barracks  
  66  13:02  Barracks  
  66  13:03  Barracks  
  66  13:05  Marine x2  
  66  13:06  Marine  
  66  13:10  Marine  
  70  13:13  Widow Mine  
  72  13:23  Marine x3  
  75  13:42  Marauder x2  
  70  14:03  Marauder  
  60  15:04  Marine x3  
  63  15:10  Marauder x2  
  67  15:17  Widow Mine  
  69  15:22  Marine x3  
  72  15:31  Marauder  
  71  15:40  Marine x3  
  70  15:55  Medivac x2  
  72  15:57  Marine  
  72  15:58  Marine x2  
  73  16:10  Marine, Marauder  
  76  16:15  Marine x2  
  76  16:16  Marine  
Show
View Real Time Build Order
Export as new Build Order

REYF Terran 

Build Orders:  

Get SALT Encoding   

  12  0:04  SCV  
  13  0:16  SCV  
  13  0:20  Refinery  
  15  0:28  SCV  
  15  0:41  Engineering Bay  
  15  0:56  Supply Depot  
  15  1:17  SCV  
  16  1:23  Barracks  
  16  1:30  SCV  
  17  1:42  SCV  
  18  2:14  Bunker  
  18  2:22  Orbital Command  
  18  2:30  Reaper  
  18  2:35  Terran Infantry Weapons Level 1  
  19  2:49  Missile Turret  
  19  2:55  Refinery  
  19  3:00  SCV  
  19  3:02  Reaper  
  21  3:12  SCV  
  22  3:18  Barracks  
  22  3:34  Reaper  
  22  3:38  Sensor Tower  
  23  4:02  Bunker  
  23  4:33  Bunker  
  23  4:35  Marine  
  22  4:53  Marine  
  23  5:10  Supply Depot  
  23  5:31  Marine  
  23  5:32  Marine  
  23  5:33  Supply Depot  
  24  5:47  Ghost Academy  
  24  5:49  Marine x2  
  26  5:58  Supply Depot  
  26  6:17  Command Center  
  26  6:18  Barracks Tech Lab  
  26  6:20  Supply Depot  
  26  6:22  Reaper  
  26  6:27  Personal Cloaking  
  26  6:35  Factory  
  26  6:42  Supply Depot  
  25  6:54  Reaper, Ghost  
  28  7:23  Ghost  
  28  7:26  Reaper  
  31  7:59  Reaper  
  32  8:47  Orbital Command  
  30  9:08  Nuke  
  26  9:50  Marauder  
  28  10:00  Factory Reactor  
  28  10:02  Barracks Reactor  
  28  10:12  Marauder  
  30  10:32  Ghost  
  32  10:44  Marine x2  
  34  10:50  Widow Mine x2  
  34  10:57  Terran Infantry Armor Level 1  
  38  11:02  Marine x2  
  40  11:18  Widow Mine x2  
  40  11:19  Marine  
  40  11:20  Marine  
  46  11:37  Marine  
  46  11:38  Marine  
  48  11:47  Widow Mine x2  
  52  11:55  Marine  
  52  11:56  Marine  
  53  12:13  Marine x2  
  55  12:15  Widow Mine x2  
  59  12:31  Marine  
  59  12:33  Marine  
  61  12:44  Widow Mine x2  
  61  12:48  Marine  
  61  12:51  Hi-Sec Auto Tracking, Marine  
  67  13:06  Marine  
  67  13:12  Widow Mine x2  
  72  13:41  Widow Mine  
  72  13:47  Neosteel Frame  
  64  15:06  Building Armor  
  57  15:33  Widow Mine x2  
  61  15:38  Marine x2  
  65  15:45  Ghost  
  65  15:49  Nuke  
  53  15:56  Marine x2  
  55  16:01  Widow Mine  
  55  16:02  Widow Mine  
  57  16:13  Marine  
  57  16:14  Ghost, Marine  
  55  16:42  Refinery  
Show
View Real Time Build Order
Export as new Build Order

Zeratul Protoss 

Build Orders: Phoenix Opening 

Get SALT Encoding   

  12  0:02  Probe (Chrono Boost)  
  13  0:15  Pylon  
  13  0:24  Probe (Chrono Boost)  
  14  0:35  Probe (Chrono Boost)  
  15  0:38  Gateway  
  15  0:45  Probe (Chrono Boost)  
  16  0:56  Probe (Chrono Boost), Assimilator  
  17  1:06  Probe (Chrono Boost)  
  18  1:11  Assimilator  
  18  1:17  Probe (Chrono Boost)  
  19  1:28  Probe (Chrono Boost)  
  19  1:32  Cybernetics Core  
  20  1:42  Probe (Chrono Boost)  
  21  1:52  Probe (Chrono Boost)  
  22  1:56  Pylon  
  22  2:11  Stargate  
  22  2:26  Nexus  
  22  2:30  Probe (Chrono Boost)  
  23  2:41  Probe (Chrono Boost), Stargate  
  25  2:51  Probe (Chrono Boost)  
  25  2:54  Pylon  
  25  3:02  Probe (Chrono Boost), Phoenix  
  28  3:15  Probe (Chrono Boost)  
  29  3:25  Probe (Chrono Boost)  
  29  3:26  Phoenix  
  32  3:36  Probe (Chrono Boost)  
  32  3:40  Probe (Chrono Boost)  
  34  3:44  Phoenix  
  36  3:50  Probe x2 (Chrono Boost)  
  36  3:54  Phoenix  
  40  4:01  Probe (Chrono Boost)  
  41  4:13  Assimilator  
  41  4:17  Pylon  
  41  4:18  Assimilator  
  41  4:31  Phoenix x2  
  45  4:38  Forge  
  45  4:40  Probe (Chrono Boost)  
  46  4:51  Probe (Chrono Boost)  
  47  4:55  Phoenix  
  49  5:30  Phoenix x2  
  53  6:00  Void Ray x2  
  61  6:08  Fleet Beacon  
  61  6:10  Pylon  
  61  6:12  Pylon  
  59  7:07  Carrier x2  
  71  7:11  Probe (Chrono Boost)  
  72  7:22  Probe (Chrono Boost)  
  73  7:24  Nexus  
  73  7:27  Pylon  
  73  7:32  Probe (Chrono Boost), Photon Cannon  
  73  7:33  Pylon  
  74  7:38  Probe (Chrono Boost)  
  74  7:41  Protoss Air Weapons Level 1  
  74  7:43  Graviton Catapult, Probe (Chrono Boost)  
  76  7:49  Probe (Chrono Boost)  
  77  7:53  Probe (Chrono Boost)  
  78  7:59  Probe (Chrono Boost)  
  79  8:08  Assimilator  
  79  8:10  Probe (Chrono Boost)  
  80  8:13  Assimilator  
  80  8:15  Photon Cannon  
  80  8:18  Pylon, Photon Cannon  
  80  8:58  Carrier x2 (Chrono Boost)  
  92  9:21  Probe x2  
  94  9:31  Probe  
  94  9:32  Probe  
  94  9:33  Probe  
  97  9:41  Protoss Air Armor Level 1  
  97  9:42  Probe  
  97  9:43  Protoss Shields Level 1, Probe  
  100  9:45  Probe  
  100  9:53  Probe  
  100  9:55  Probe  
  100  9:57  Probe  
  103  10:03  Probe  
  103  10:05  Anion Pulse-Crystals (Chrono Boost)  
  102  10:07  Probe  
  102  10:09  Probe  
  104  10:23  Carrier x2  
  104  10:32  Probe  
  117  11:16  Probe  
  112  11:28  Probe  
  113  11:35  Protoss Air Weapons Level 2 (Chrono Boost)  
  113  11:40  Probe  
  110  11:47  Carrier x2  
  102  12:09  Stargate  
  102  12:11  Pylon  
  102  12:58  Nexus  
  102  12:59  Pylon  
  102  13:02  Pylon, Carrier x2  
  102  13:09  Pylon  
  102  13:11  Pylon  
  102  13:12  Carrier  
  120  13:20  Stargate  
  120  13:38  Photon Cannon  
  120  13:40  Photon Cannon  
  120  13:42  Protoss Air Armor Level 2 (Chrono Boost)  
  120  13:44  Photon Cannon  
  120  13:47  Pylon  
  120  13:52  Pylon  
  120  13:54  Photon Cannon  
  120  13:56  Photon Cannon  
  120  14:06  Carrier  
  126  14:16  Carrier x2  
  126  14:17  Assimilator  
  126  14:22  Assimilator  
  126  14:27  Photon Cannon  
  126  14:28  Photon Cannon  
  138  14:38  Carrier  
  144  15:29  Pylon  
  150  15:36  Tempest x2  
  158  16:04  Tempest  
  166  16:40  Twilight Council  
Tags
 
Add a new tag
Caveats
  • Supply blocks, unpowered buildings, or Contaminate may cause inaccurate times.
  • Supply counts are checked every 10 seconds.